 Dungeon Crawl Stone Soup version 0.28.0-53-g5a82cb258f (webtiles) character file.

Game seed: 8959503722313099665

63 MiltankisOP the Skirmisher (level 3, 0/32 HPs)
             Began as a Palentonga Fighter on June 13, 2022.
             Slain by a goblin
             ... wielding a +0 mace
              (2 damage)
             ... on level 2 of the Dungeon.
             The game lasted 00:02:19 (1574 turns).

MiltankisOP the Skirmisher (Palentonga Fighter)     Turns: 1574, Time: 00:02:19

Health: 0/32       AC:  6    Str: 21    XL:     3   Next: 87%
Magic:  3/3        EV:  7    Int:  8    God:
Gold:   91         SH:  4    Dex:  9    Spells: 2/2 levels left

rFire   . . .      SeeInvis +   a - +0 war axe
rCold   . . .      Faith    .   c - +0 buckler
rNeg    . . .      Spirit   .   b - +0 scale mail
rPois   .          Reflect  .   (no helmet)
rElec   .          Harm     .   (no cloak)
rCorr   .          Rampage  .   (no gloves)
Will    .....                   (no barding)
Stlth   ..........              (no amulet)
HPRegen 0.10/turn               (no ring)
MPRegen 0.08/turn               (no ring)

@: no status effects
A: large, rugged brown scales 3, see invisible, deformed body, roll 1, armoured
tail
a: Rolling Charge


You were on level 2 of the Dungeon.
You visited 1 branch of the dungeon, and saw 2 of its levels.

You collected 91 gold pieces.

Inventory:

Hand Weapons
 a - a +0 war axe (weapon)
Armour
 b - a +0 scale mail (worn)
 c - a +0 buckler (worn)
Jewellery
 j - a ring of protection from cold
 l - a ring of wizardry
Scrolls
 f - 2 scrolls of identify {unknown}
 k - a scroll of enchant armour {unknown}
Potions
 d - a potion of might
 e - 2 potions of mutation {unknown}
 g - 2 potions of magic {unknown}
 h - a potion of berserk rage {unknown}
 i - a potion of haste {unknown}


   Skills:
 + Level 3.8 Fighting
 + Level 3.1 Axes
 - Level 2.5 Armour
 - Level 2.5 Shields


You had 2 spell levels left.
You didn't know any spells.
Your spell library was empty.

Dungeon Overview and Level Annotations

Branches:
Dungeon (2/15)

Altars:


Innate Abilities, Weirdness & Mutations

You are completely covered in rugged brown scales. (AC +3, +7% HP)
You have supernaturally acute eyesight. (SInv)
Armour fits poorly on your strangely shaped body.
You can roll at nearby foes to attack.
You have a long armoured tail.


Message History

You destroy the adder skeleton!
A goblin comes into view. It is wielding a +0 mace.
You are too injured to fight recklessly!
You are too injured to fight recklessly!
You are too injured to fight recklessly!
You are too injured to fight recklessly!
You are too injured to fight recklessly!
You are too injured to fight recklessly!
You are too injured to fight recklessly!
The goblin shouts!
The goblin hits you with a +0 mace. The goblin barely misses you.
The goblin barely misses you. You block the goblin's attack.
You block the goblin's attack. The goblin hits you with a +0 mace.
The goblin barely misses you. The goblin hits you with a +0 mace.
* * * LOW HITPOINT WARNING * * *
The goblin barely misses you. The goblin hits you but does no damage.
The goblin hits you but does no damage. The goblin closely misses you.
The goblin closely misses you. You block the goblin's attack.
The goblin hits you with a +0 mace.
* * * LOW HITPOINT WARNING * * *
The goblin hits you but does no damage. The goblin hits you but does no damage.
The goblin hits you but does no damage. The goblin closely misses you.
The goblin hits you but does no damage. The goblin hits you with a +0 mace.
* * * LOW HITPOINT WARNING * * *
The goblin hits you but does no damage. You block the goblin's attack.
The goblin hits you but does no damage. The goblin hits you but does no damage.
The goblin hits you with a +0 mace.
You die...

#....#... ...(.#..##
#)..#... #.#....# #
#. #.#.#..# #. #.
#.#.#..#
#.##.##.#.#..#
#.......#....##
##.......g@....#
.....<...#####..#
#.......#### ..#
#.......##.##..#
...#####.#...#..###
#
#..............#####
#.<.................
....# ##.......##
######. #.#.#
##.####.## #.


You could see a goblin.

Vanquished Creatures
  3 adders (D:2)
  An adder skeleton (D:2)
  A dart slug (D:1)
  2 bats (D:1)
  4 endoplasms (D:1)
  A giant cockroach (D:1)
  3 goblins (D:1)
  A hobgoblin (D:1)
  2 jackals (D:1)
  5 ball pythons
  2 frilled lizards (D:2)
  4 kobolds
  3 rats (D:2)
32 creatures vanquished.

Notes
Turn   | Place    | Note
-------+----------+-------------------------------------------
     0 | D:1      | MiltankisOP the Palentonga Fighter began the quest for the
                  | Orb.
     0 | D:1      | Reached XP level 1. HP: 19/19 MP: 1/1
     3 | D:1      | Noticed an electric eel
     4 | D:1      | Noticed an electric eel
    52 | D:1      | Reached XP level 2. HP: 24/25 MP: 2/2
   882 | D:2      | Reached XP level 3. HP: 22/31 MP: 3/3
  1424 | D:2      | HP: 1/32 [poisoned by an adder]
  1574 | D:2      | Slain by a goblin

Illustrated notes

Levels and vault maps discovered:
D:1:      arrival_aquarium_b, layout_loops_cross
D:2:      layout_loops_ring, uniq_terence

Skill      XL: |  1  2  3 |
---------------+----------+-----
Axes           | 3 |  3.1
Fighting       | |  3.8
Armour         | |  2.5
Shields        | |  2.5

Action                   || total
-------------------------++-------
Melee: War axe           ||    82
       Tailslap          ||     4
 Abil: Rolling Charge    ||     7
Armor: Scale mail        ||    52
Dodge: Dodged            ||    36
Block: Buckler           ||    19
